Map: Neon Violet Square LE

Players

axu

  • Race: Protoss Protoss
  • League: Platinum
  • Spawn Location: 5:00

A.I. 1 (Very Hard) - Winner!

  • Race: Terran Terran
  • Spawn Location: 11:00

VOD

Have the link to the VOD?

Description

Time

  • Played on: Jan. 5, 2018, 8:33 a.m.
  • Length: 2:38
Show
View Real Time Build Order
Export as new Build Order

axu Protoss 

Build Orders:  

Get SALT Encoding   

  12  0:01  Probe  
  13  0:13  Probe  
  14  0:37  Pylon  
  14  0:44  Probe  
  14  0:47  Assimilator  
  15  0:56  Probe  
  16  1:14  Gateway  
  16  1:16  Probe (Chrono Boost)  
  17  1:21  Assimilator  
  17  1:28  Probe (Chrono Boost)  
  18  1:36  Nexus  
  18  1:38  Probe (Chrono Boost)  
  19  1:46  Probe  
  20  2:00  Probe  
  21  2:04  Cybernetics Core  
  21  2:29  Gateway  
Show
View Real Time Build Order
Export as new Build Order

A.I. 1 (Very Hard) Terran - Winner!

Build Orders:  

Get SALT Encoding   

  12  0:00  SCV  
  13  0:13  SCV  
  14  0:20  Supply Depot  
  14  0:25  SCV  
  15  0:41  SCV  
  16  0:43  Barracks  
  16  0:54  SCV  
  17  1:06  SCV  
  18  1:17  Supply Depot  
  18  1:18  SCV  
  19  1:22  Refinery  
  19  1:30  Marine, SCV  
  21  1:42  SCV  
  22  1:47  Marine  
  22  1:51  Barracks  
  23  1:54  SCV  
  23  1:57  Refinery  
  24  2:04  Supply Depot  
  24  2:05  Marine  
  24  2:06  SCV  
  26  2:18  SCV  
  27  2:27  Factory  
Tags
 
Add a new tag
Caveats
  • Supply blocks, unpowered buildings, or Contaminate may cause inaccurate times.
  • Supply counts are checked every 10 seconds.